 Dungeon Crawl Stone Soup version 0.29.0-4-gdea44cf6ec (webtiles) character file.

Game seed: 16101348987149691537

88 qw the Chopper (level 4, -2/26 HPs)
             Began as a Tengu Warper on Aug 28, 2022.
             Slain by a gnoll bouda
             ... wielding a +0 whip
              (9 damage)
             ... on level 4 of the Dungeon.
             The game lasted 00:00:15 (3650 turns).

qw the Chopper (Tengu Warper)                       Turns: 3650, Time: 00:00:16

Health: -2/26      AC:  8    Str: 13    XL:     4   Next: 54%
Magic:  8/8        EV:  6    Int: 14    God:
Gold:   160        SH:  0    Dex: 13    Spells: 7/7 levels left

rFire   . . .      SeeInvis .   Y - +3 hand axe (venom)
rCold   . . .      Faith    .   (no shield)
rNeg    . . .      Spirit   .   i - +0 chain mail
rPois   .          Reflect  .   (helmet restricted)
rElec   .          Harm     .   (no cloak)
rCorr   .          Rampage  .   (no gloves)
Will    .....                   (boots unavailable)
Stlth   ..........              (no amulet)
HPRegen 0.08/turn               (no ring)
MPRegen 0.11/turn               (no ring)

@: no status effects
A: beak, talons 3
a: no special abilities


You were on level 4 of the Dungeon.
You visited 1 branch of the dungeon, and saw 4 of its levels.

You collected 160 gold pieces.


Innate Abilities, Weirdness & Mutations

You have a beak for a mouth.
You have claws for feet.


   Skills:
 - Level 2.0 Fighting
 + Level 5.1 Axes
 - Level 1.0 Throwing
 - Level 1.1 Armour
 - Level 2.1 Dodging
 - Level 2.0 Spellcasting
 - Level 2.4 Translocations


You had 7 spell levels left.
You didn't know any spells.
Your spell library contained the following spells:

 Spells                   Type           Power      Damage    Failure   Level
 Blink                    Tloc           16%        N/A       99%         2
 Gell's Gravitas          Tloc           8%         N/A       100%        3
 Lesser Beckoning         Tloc           8%         N/A       100%        3
 Teleport Other           Tloc           8%         N/A       100%        3
 Manifold Assault         Tloc           8%         N/A       100%        5

Inventory:

Hand Weapons
 d - a +2 whip of venom
 Y - a +3 hand axe of venom (weapon)
Armour
 i - a +0 chain mail (worn)
Jewellery
 e - a ring of fire
Scrolls
 a - 3 scrolls of teleportation
 b - a scroll of identify
Potions
 c - a potion of mutation {unknown}
 f - a potion of resistance {unknown}
 g - 2 potions of heal wounds

Dungeon Overview and Level Annotations

Branches:
Dungeon (4/15)             Temple (0/1) D:4

Altars:

Shops:
D:3 =


Message History

Enter note:
Enter note:
3638 ||| PLANNING TEMPLE
(D) Dungeon (T) Temple
Where to? (* - list waypoints, Enter - D:4, ? - help)
You now have 160 gold pieces (gained 11). 2 gnolls come into view.
The gnoll shouts! x2
A gnoll bouda comes into view. It is wielding a +0 whip.
A gnoll comes into view. It is wielding a +0 flail.
The gnoll bouda shouts!
A gnoll comes into view. It is wielding a +0 whip.
The gnoll hits you but does no damage.
There is a staircase to the Ecumenical Temple here.
You hit the gnoll.
The gnoll is poisoned.
Your kick misses the gnoll.
The gnoll is lightly wounded.
You closely miss the gnoll. The gnoll barely misses you.
The gnoll hits you with a +0 flail.
You hit the gnoll.
The gnoll looks as sick as possible!
The gnoll is moderately wounded.
You closely miss the gnoll. You hit the gnoll.
The gnoll hits you but does no damage. The gnoll hits you with a +0 flail. x2
The gnoll bouda barks out a call to the hunt!
The gnolls pick up the pace!
You barely miss the gnoll. You claw the gnoll.
The gnoll is heavily wounded.
You closely miss the gnoll. You barely miss the gnoll.
The gnoll hits you but does no damage. The gnoll hits you with a +0 flail. x2
You hit the gnoll.
You kill the gnoll!
You closely miss the gnoll. You barely miss the gnoll.
The gnoll hits you with a +0 flail. The gnoll barely misses you.
Your Axes skill increases to level 5!
You completely miss the gnoll. Your peck misses the gnoll.
The gnoll is moderately wounded.
You hit the gnoll.
The gnoll is poisoned.
You hit the gnoll.
The gnoll is poisoned.
You hit the gnoll bouda.
The gnoll bouda is poisoned.
The gnoll hits you with a +0 whip. The gnoll hits you with a +0 flail.
The gnoll bouda hits you with a +0 whip!
You die...

#.....# .. ......#
....#....# ......#
......... ......#
#..#.....
......####..##....
......#....##..#.#
#.....'...##..##.## .
#.....#......##.gg##....
#.....#.........@g......
#.....#......##..g##....
+.....#...##..##.## .
#.....#....##..#.#
#.....#..... #....
#.....#####.. ..... #
......... # .......... #


You could see a gnoll bouda (very poisoned) and 3 gnolls.

Vanquished Creatures
  2 adders
  A gnoll (D:4)
  2 worms (D:2)
  4 bats
  5 endoplasms
  5 giant cockroaches
  3 hobgoblins (D:2)
  8 jackals (D:2)
  3 quokkas
  3 ball pythons (D:2)
  2 frilled lizards
  5 goblins
  6 kobolds
  A rat (D:1)
50 creatures vanquished.

Vanquished Creatures (others)
  9 plants (D:2)
9 creatures vanquished.

Grand Total: 59 creatures vanquished

Notes
Turn   | Place    | Note
-------+----------+-------------------------------------------
     0 | D:1      | qw the Tengu Warper began the quest for the Orb.
     0 | D:1      | Reached XP level 1. HP: 12/12 MP: 4/4
     0 | D:1      | 0 ||| qw: Version: 0.1-a-89-g26bdef1
     0 | D:1      | 0 ||| qw: Game counter: 169
     0 | D:1      | 0 ||| qw: Always use a shield: true
     0 | D:1      | 0 ||| qw: God list: Okawaru
     0 | D:1      | 0 ||| qw: Allow faded altars: false
     0 | D:1      | 0 ||| qw: Do Orc after D:15 true
     0 | D:1      | 0 ||| qw: Do second Lair branch before Depths: true
     0 | D:1      | 0 ||| qw: Lair rune preference: random
     0 | D:1      | 0 ||| qw: Plans: Normal
     0 | D:1      | 0 ||| PLANNING D:1-11
   388 | D:1      | Reached XP level 2. HP: 13/17 MP: 6/6
   509 | D:1      | Reached skill level 3 in Axes
  1104 | D:1      | 1104 ||| UPGRADING to +0 ring mail.
  1114 | D:1      | 1114 ||| DROPPING +0 leather armour.
  1115 | D:1      | 1115 ||| DROPPING ring of wizardry.
  1116 | D:1      | 1116 ||| READING 2 scrolls labelled WAUBAI YMASH.
  1117 | D:1      | 1117 ||| READING 3 scrolls labelled VEDWIGR HOTRA.
  1118 | D:1      | 1118 ||| READING 2 scrolls of brand weapon.
  1118 | D:1      | 1118 ||| BRANDING +0 hand axe of chaos.
  1119 | D:1      | 1119 ||| READING scroll of brand weapon.
  1119 | D:1      | 1119 ||| BRANDING +0 hand axe of draining.
  1120 | D:1      | 1120 ||| READING scroll labelled DAINTI GEOCYDA.
  1121 | D:1      | 1121 ||| DROPPING scroll of poison.
  1122 | D:1      | 1122 ||| DROPPING scroll of blinking.
  1123 | D:1      | 1123 ||| Stepping randomly (stuck).
  1124 | D:1      | 1124 ||| Stepping ~*~*~tactically~*~*~ (cloud).
  1129 | D:1      | HP: 4/17 [poisoned by you (poison gas)]
  1880 | D:2      | 1880 ||| Stepping ~*~*~tactically~*~*~ (stealth).
  1887 | D:2      | 1887 ||| FLEEEEING.
  1888 | D:2      | 1888 ||| FLEEEEING.
  1890 | D:2      | 1890 ||| STAIRDANCE
  1918 | D:1      | 1918 ||| READING 3 scrolls labelled GYSOCE PIJEMOF.
  1919 | D:1      | 1919 ||| READING 2 scrolls of enchant weapon.
  1919 | D:1      | 1919 ||| ENCHANTING +1 hand axe of venom.
  1920 | D:1      | 1920 ||| READING scroll of enchant weapon.
  1920 | D:1      | 1920 ||| ENCHANTING +2 hand axe of venom.
  1976 | D:2      | Reached XP level 3. HP: 21/21 MP: 7/7
  2016 | D:2      | 2016 ||| Stepping ~*~*~tactically~*~*~ (stealth).
  2024 | D:2      | Reached skill level 4 in Axes
  2025 | D:2      | 2025 ||| Stepping ~*~*~tactically~*~*~ (stealth).
  2026 | D:2      | 2026 ||| Stepping ~*~*~tactically~*~*~ (stealth).
  2034 | D:2      | 2034 ||| Stepping ~*~*~tactically~*~*~ (stealth).
  2042 | D:2      | 2042 ||| Stepping ~*~*~tactically~*~*~ (stealth).
  2051 | D:2      | 2051 ||| Stepping ~*~*~tactically~*~*~ (stealth).
  2052 | D:2      | 2052 ||| Stepping ~*~*~tactically~*~*~ (stealth).
  2053 | D:2      | 2053 ||| Stepping ~*~*~tactically~*~*~ (stealth).
  2231 | D:2      | 2231 ||| Stepping ~*~*~tactically~*~*~ (stealth).
  2239 | D:2      | 2239 ||| Stepping ~*~*~tactically~*~*~ (stealth).
  2499 | D:2      | 2499 ||| Stepping ~*~*~tactically~*~*~ (water).
  2501 | D:2      | 2501 ||| Stepping ~*~*~tactically~*~*~ (water).
  2505 | D:2      | Reached XP level 4. HP: 26/26 MP: 8/8
  2724 | D:2      | 2724 ||| READING 4 scrolls labelled VIUNKE ULYWUGG.
  2728 | D:2      | 2728 ||| READING 2 scrolls of identify.
  2728 | D:2      | 2728 ||| IDENTIFYING pink potion
  2729 | D:2      | 2729 ||| DROPPING potion of brilliance.
  2775 | D:3      | 2775 ||| DROPPING +0 club.
  2930 | D:3      | Found a faded altar of an unknown god.
  3167 | D:3      | Found Cuteffy's Jewellery Boutique.
  3175 | D:3      | 3175 ||| SHOPLISTING +4 ring of protection (396 gold, have
                  | 123).
  3175 | D:3      | 3175 ||| SHOPLISTING +6 ring of dexterity (396 gold, have
                  | 123).
  3175 | D:3      | 3175 ||| SHOPLISTING amulet of the acrobat (330 gold, have
                  | 123).
  3175 | D:3      | 3175 ||| SHOPLISTING ring of Kindness {rElec rC- rN+ Dex+5
                  | SInv} (458 gold, have 123).
  3175 | D:3      | 3175 ||| SHOPLISTING ring of poison resistance (220 gold,
                  | have 123).
  3175 | D:3      | 3175 ||| SHOPLISTING ring of protection from cold (275
                  | gold, have 123).
  3175 | D:3      | 3175 ||| SHOPLISTING ring of resist corrosion (220 gold,
                  | have 123).
  3545 | D:3      | 3545 ||| UPGRADING to +0 chain mail.
  3555 | D:3      | 3555 ||| DROPPING +0 ring mail.
  3556 | D:3      | 3556 ||| READING scroll labelled QEOW XISEHU.
  3557 | D:3      | 3557 ||| DRINKING 3 white potions.
  3637 | D:4      | Found a staircase to the Ecumenical Temple.
  3638 | D:4      | 3638 ||| PLANNING TEMPLE
  3650 | D:4      | Reached skill level 5 in Axes
  3650 | D:4      | Slain by a gnoll bouda

Levels and vault maps discovered:
D:1:      matt_arrival_spirals, layout_basic
D:2:      wad_lake_hut, layout_rooms, minmay_misc_feat_five, chequers_big_river
D:3:      layout_loops_corners, serial_shops, shop,
          chequers_ecumenical_altar_island
D:4:      layout_gridville, mainiacjoe_overflow_brackets,
          minmay_temple_entry_waves, minmay_stone_trees_small

Skill      XL: |  1  2  3  4 |
---------------+-------------+-----
Axes           | 3 4 5 |  5.1
Fighting       | |  2.0
Throwing       | |  1.0
Armour         | |  1.1
Dodging        | |  2.1
Spellcasting   | |  2.0
Translocations | |  2.4

Action                   |  1- 3 |  4- 6 || total
-------------------------+-------+-------++-------
Melee: Hand axe          |    75 |    27 ||   102
       Kick              |    17 |     5 ||    22
       Peck              |    12 |       ||    12
Throw: Boomerang         |     7 |       ||     7
  Use: Scroll            |     8 |     3 ||    11
       Potion            |       |     1 ||     1
Armor: Leather armour    |    10 |       ||    10
       Ring mail         |    11 |     3 ||    14
       Chain mail        |       |     3 ||     3
Dodge: Dodged            |    37 |    10 ||    47

Table legend:
 A = Non-vault XP
 B = Vault XP
 C = Vault XP percentage of total XP
 D = Non-vault monster count
 E = Vault monster count
 F = Vault count percentage of total count
                 A         B        C        D         E       F
            +---------+---------+-------+---------+---------+-------
      Total |     127 |       0 |   0.0 |      50 |       0 |   0.0
            +---------+---------+-------+---------+---------+-------
        D:1 |      14 |       0 |   0.0 |       9 |       0 |   0.0
        D:2 |      68 |       0 |   0.0 |      29 |       0 |   0.0
        D:3 |      31 |       0 |   0.0 |      11 |       0 |   0.0
        D:4 |      14 |       0 |   0.0 |       1 |       0 |   0.0
            +---------+---------+-------+---------+---------+-------
